 Dungeon Crawl Stone Soup version 0.28-a0-479-g5baa6b73be (webtiles) character file.

Game seed: 7478961724537155933

74 mg7810 the Skirmisher (level 4, -3/35 HPs)
             Began as a Demonspawn Monk on Sept 18, 2021.
             Slain by an orc (4 damage)
             ... on level 3 of the Dungeon.
             The game lasted 00:04:51 (1603 turns).

mg7810 the Skirmisher (Demonspawn Monk)             Turns: 1603, Time: 00:04:52

Health: -3/35      AC:  8    Str: 18    XL:     4   Next: 9%
Magic:  4/4        EV:  8    Int: 11    God:
Gold:   135        SH:  0    Dex: 16    Spells: 3/3 levels left

rFire   . . .      SeeInvis +   i - +0 long sword
rCold   . . .      Faith    .   (no shield)
rNeg    . . .      Spirit   .   a - +0 chain mail
rPois   .          Reflect  .   (no helmet)
rElec   .          Harm     .   (no cloak)
rCorr   .          Rampage  .   (no gloves)
Will    .....                   (no boots)
Stlth   ..........              (no amulet)
HPRegen 0.11/turn               f - +6 ring of strength
MPRegen 0.09/turn               k - ring of see invisible

@: brilliant, about to teleport
A: spiny 2
a: no special abilities


You were on level 3 of the Dungeon.
You visited 1 branch of the dungeon, and saw 3 of its levels.

You collected 135 gold pieces.

Inventory:

Hand Weapons
 i - a +0 long sword (weapon)
Armour
 a - a +0 chain mail (worn)
Magical Staves
 d - a staff of poison
Jewellery
 f - a +6 ring of strength (left hand)
 k - a ring of see invisible (right hand)
Scrolls
 e - a scroll of torment {unknown}
 g - a scroll of identify
 j - a scroll of teleportation
 l - a scroll of noise {unknown}
 m - a scroll of immolation {unknown}


   Skills:
 + Level 3.5 Fighting
 + Level 3.2 Long Blades
 * Level 0.3 Armour
 + Level 3.1 Dodging
 + Level 2.1 Stealth
 * Level 0.8 Unarmed Combat
 * Level 0.5 Evocations


You had 3 spell levels left.
You didn't know any spells.
Your spell library was empty.

Dungeon Overview and Level Annotations

Branches:
Dungeon (3/15)

Altars:

Shops:
D:1 [


Innate Abilities, Weirdness & Mutations

You are mostly covered in sharp spines.


Message History

The orc is struck by your spines.
You kill the orc!
You barely miss the orc. The orc is struck by your spines.
You kill the orc!
Items here: ))) [[[ ††.
An orc priest comes into view. It is wielding a +0 whip.
The orc priest shouts!
You see here 3 potions of degeneration.
Found a stone staircase leading down.
The orc priest calls down the wrath of Beogh upon you.
Beogh smites you!
The orc shouts!
Found 8 gold pieces.
The orc priest invokes the aid of Beogh against you.
Pain shoots through your body! The orc priest hits you with a +0 whip.
You closely miss the orc priest.
The orc priest is struck by your spines.
The orc priest hits you with a +0 whip.
You closely miss the orc priest.
The orc priest is lightly wounded.
The orc hits you but does no damage.
The orc priest mumbles some strange prayers to Beogh against you.
Beogh smites you!
* * * LOW HITPOINT WARNING * * *
The orc hits you but does no damage.
It was a potion of brilliance.
You feel clever all of a sudden. The orc priest hits you with a +0 whip.
* * * LOW HITPOINT WARNING * * *
The orc misses you.
It was a potion of magic.
Magic courses through your body.
The orc priest mumbles some strange prayers to Beogh against you.
You barely resist. The orc is struck by your spines.
The orc closely misses you.
As you read the scroll labelled AZENIS LICE, it crumbles to dust.
You feel strangely unstable.
It was a scroll of teleportation.
The orc priest calls upon Beogh to heal the orc.
The orc is healed somewhat.
The orc hits you with a +0 whip.
You die...

#.........#
#.......$.#
+......>..#
#.........#
#.........#
........# #..o..#
#.o@..# . #.....#
...####.###
.......!#########
##.......)......#
#......#######.#
######## #.#
####.####
#.......#


You could see an orc priest and an orc.

Vanquished Creatures
  An adder (D:2)
  A worm (D:3)
  2 dart slugs
  3 orcs (D:3)
  5 ball pythons
  3 endoplasms
  2 giant cockroaches (D:2)
  7 goblins
  A hobgoblin (D:1)
  2 jackals (D:1)
  5 quokkas
  5 bats
  4 frilled lizards
  6 kobolds
  4 rats
51 creatures vanquished.

Notes
Turn   | Place    | Note
-------+----------+-------------------------------------------
     0 | D:1      | mg7810 the Demonspawn Monk began the quest for the Orb.
     0 | D:1      | Reached XP level 1. HP: 18/18 MP: 1/1
    17 | D:1      | Found a faded altar of an unknown god.
   202 | D:1      | Gained mutation: You are partially covered in sharp spines.
                  | [demonic ancestry]
   202 | D:1      | Reached XP level 2. HP: 20/24 MP: 2/2
   276 | D:1      | Found Raufixtuy's Armour Shoppe.
   762 | D:1      | Gained mutation: You are mostly covered in sharp spines.
                  | [demonic ancestry]
   762 | D:1      | Reached XP level 3. HP: 23/29 MP: 3/3
  1473 | D:3      | Reached XP level 4. HP: 27/35 MP: 4/4
  1601 | D:3      | HP: 1/35 [orc priest (1)]
  1603 | D:3      | Slain by an orc

Illustrated notes

Levels and vault maps discovered:
D:1:      minmay_arrival_checkered_box, layout_loops_ring, serial_shops, shop,
          basic_ecumenical_altar, kennysheep_nondescript
D:2:      cheibrodos_helix_gallery, layout_rooms
D:3:      layout_basic, trog_book, gammafunk_ghost_nasty_kobolds,
          feat_on_display, uniq_ijyb

Skill      XL: |  1  2  3 |
---------------+----------+-----
Long Blades    | 3 |  3.2
Dodging        | 3 |  3.1
Stealth        | 2 |  2.1
Fighting       | |  3.5
Armour         | |  0.3
Unarmed Combat | |  0.8
Evocations     | |  0.5

Action                   |  1- 3 |  4- 6 || total
-------------------------+-------+-------++-------
Melee: Falchion          |    26 |       ||    26
       Long sword        |    52 |     8 ||    60
  Use: Scroll            |       |     2 ||     2
       Potion            |       |     2 ||     2
 Stab: Sleeping          |     2 |       ||     2
Armor: Chain mail        |    22 |     4 ||    26
       Robe              |     2 |       ||     2
Dodge: Dodged            |    37 |     2 ||    39

Table legend: (Time is in decaauts)
 A = Elapsed time spent in this place.
 B = Non-inter-level travel time spent in this place.
 C = Inter-level travel time spent in this place.
 D = Time resting spent in this place.
 E = Time spent auto-exploring this place.
 F = Levels seen in this place.
 G = Mean time per level.
                   A        B        C        D        E       F      G
               +--------+--------+--------+--------+--------+-----+--------+
         Total |   1618 |   1549 |     69 |      0 |   1144 |   3 |  539.3 |
       Dungeon |   1618 |   1549 |     69 |      0 |   1144 |   3 |  539.3 |
               +--------+--------+--------+--------+--------+-----+--------+

Top non-repeatable levels by time:
     D:1: 950 daAuts
     D:2: 470 daAuts
     D:3: 197 daAuts
